Map: Ascension to Aiur LE

Players

Nerchio - Winner!

  • Race: Zerg Zerg
  • Spawn Location: 11:00

AdminC (Bioice)

  • Race: Zerg Zerg
  • Spawn Location: 5:00

Event: WCS Montreal 2017

VOD

Have the link to the VOD?

Description

Time

  • Played on: Sept. 8, 2017, 6:55 p.m.
  • Length: 9:30

All games in this series

Show
View Real Time Build Order
Export as new Build Order

Nerchio Zerg - Winner!

Build Orders: Hatch First 

Get SALT Encoding   

  12  0:00  Drone  
  13  0:12  Overlord  
  13  0:17  Drone  
  14  0:30  Drone x2  
  14  0:34  Drone  
  17  0:51  Hatchery  
  17  0:55  Drone  
  17  0:58  Drone  
  18  1:06  Extractor  
  17  1:13  Spawning Pool  
  17  1:17  Drone  
  17  1:20  Drone  
  18  1:28  Drone  
  19  1:38  Overlord  
  19  1:59  Queen  
  19  2:00  Zergling x4  
  23  2:03  Queen  
  23  2:04  Zergling x2  
  23  2:08  Metabolic Boost  
  26  2:12  Drone  
  26  2:15  Drone  
  28  2:21  Drone  
  29  2:24  Drone  
  30  2:33  Drone  
  30  2:34  Baneling Nest  
  30  2:35  Drone  
  31  2:53  Drone, Hatchery  
  31  2:55  Zergling x2  
  32  3:00  Overlord  
  32  3:03  Drone  
  33  3:06  Drone  
  33  3:09  Drone  
  35  3:14  Zergling x2  
  35  3:18  Drone  
  38  3:20  Drone x3  
  38  3:23  Drone  
  38  3:24  Drone  
  40  3:30  Drone x2  
  42  3:34  Baneling  
  42  3:42  Overlord  
  42  3:44  Zergling x2  
  43  3:50  Queen  
  44  3:57  Drone x2  
  44  3:58  Drone x5  
  44  4:04  Baneling x3  
  44  4:06  Queen  
  44  4:07  Zergling x2  
  44  4:09  Zergling x2  
  48  4:13  Spine Crawler  
  48  4:14  Zergling x2  
  48  4:16  Zergling x2  
  49  4:18  Zergling x2  
  49  4:24  Zergling x2  
  49  4:25  Zergling x6  
  49  4:27  Zergling x2  
  54  4:31  Queen  
  54  4:35  Zergling x2  
  54  4:38  Baneling  
  54  4:39  Drone, Baneling x2  
  54  4:40  Drone  
  54  4:45  Drone x2  
  56  4:47  Drone  
  57  4:54  Overlord  
  57  5:05  Hatchery  
  57  5:06  Baneling x3  
  56  5:08  Overlord  
  56  5:14  Drone x2, Evolution Chamber  
  58  5:16  Drone  
  58  5:17  Drone  
  58  5:20  Drone  
  60  5:26  Drone  
  60  5:27  Drone  
  60  5:28  Drone x2  
  61  5:35  Drone x2  
  63  5:36  Overlord  
  61  5:44  Zergling x2  
  61  5:45  Lair  
  61  5:47  Extractor, Zergling x2, Roach Warren  
  61  5:48  Extractor x2  
  55  5:51  Zergling x6  
  55  5:55  Queen  
  60  6:01  Zergling x2  
  61  6:04  Roach Warren  
  61  6:09  Zergling x2, Baneling x3  
  61  6:10  Zergling x2  
  62  6:14  Overlord  
  63  6:23  Spine Crawler  
  61  6:26  Spine Crawler  
  61  6:29  Roach  
  61  6:30  Roach x6  
  74  6:33  Roach  
  74  6:35  Roach  
  78  6:41  Roach x2  
  78  6:46  Roach x2  
  85  6:49  Overlord  
  85  6:57  Roach x3  
  89  7:05  Zerg Missile Weapons Level 1  
  89  7:07  Drone  
  88  7:08  Drone  
  88  7:10  Drone  
  88  7:11  Drone  
  91  7:17  Drone  
  91  7:18  Spire, Drone  
  91  7:21  Drone  
  91  7:22  Drone  
  92  7:26  Glial Reconstitution  
  92  7:28  Drone  
  91  7:31  Drone  
  91  7:34  Roach  
  91  7:36  Roach  
  96  7:38  Overseer  
  96  7:40  Ravager  
  96  7:41  Overlord  
  97  7:44  Overlord  
  97  7:47  Overlord  
  97  7:52  Overlord  
  97  7:55  Baneling x2  
  97  8:01  Roach x4  
  97  8:02  Zergling x2  
  97  8:04  Ravager, Zergling x2  
  108  8:06  Zergling x2  
  109  8:13  Zergling x6  
  109  8:15  Zergling x6  
  109  8:19  Roach x2  
  106  8:22  Roach  
  106  8:26  Roach x2  
  99  8:28  Roach  
  99  8:29  Zergling x2  
  101  8:35  Roach x3  
  101  8:39  Roach  
  101  8:40  Roach  
  109  8:44  Mutalisk x2  
  106  8:53  Mutalisk  
  106  8:54  Drone x3  
  110  8:56  Drone x2  
  110  9:00  Drone x2  
  110  9:01  Drone  
  115  9:03  Drone  
  115  9:05  Drone x2  
  115  9:09  Extractor x2, Drone  
Show
View Real Time Build Order
Export as new Build Order

AdminC Zerg 

Build Orders: Hatch First, Zergling Baneling 

Get SALT Encoding   

  12  0:00  Drone  
  13  0:15  Overlord  
  13  0:18  Drone  
  14  0:33  Drone x2  
  16  0:50  Hatchery  
  16  0:52  Drone  
  16  0:56  Drone  
  17  0:59  Drone  
  18  1:07  Extractor  
  17  1:15  Spawning Pool  
  17  1:18  Drone  
  17  1:23  Drone  
  18  1:30  Drone  
  19  1:43  Overlord  
  19  1:59  Drone  
  20  2:03  Queen x2  
  20  2:04  Zergling x4  
  20  2:08  Metabolic Boost  
  26  2:13  Drone  
  26  2:14  Drone  
  28  2:24  Drone  
  28  2:29  Drone  
  30  2:35  Baneling Nest  
  29  2:47  Hatchery  
  28  2:51  Zergling x4  
  28  2:55  Zergling x2  
  31  2:59  Zergling x2  
  31  3:02  Overlord  
  32  3:06  Drone  
  32  3:07  Drone  
  34  3:13  Drone  
  34  3:14  Drone  
  36  3:22  Baneling x4  
  36  3:25  Zergling x4  
  36  3:26  Zergling x2  
  37  3:28  Zergling x2  
  37  3:33  Zergling x4  
  40  3:36  Zergling x2  
  41  3:41  Zergling x2  
  42  3:53  Zergling x2  
  42  3:59  Zergling x2  
  42  4:00  Zergling x4, Baneling  
  42  4:01  Baneling x5  
  43  4:03  Queen  
  43  4:06  Zergling x2  
  43  4:07  Zergling x2  
  43  4:09  Zergling x2  
  48  4:18  Baneling x2  
  47  4:31  Drone  
  45  4:36  Drone x2  
  45  4:39  Drone x5  
  45  4:45  Drone x2  
  48  4:57  Zergling x2  
  48  4:58  Zergling x10  
  49  5:02  Overlord, Extractor  
  49  5:03  Roach Warren  
  49  5:04  Zergling x4  
  49  5:05  Overlord  
  49  5:10  Overlord  
  49  5:15  Baneling x2  
  49  5:16  Baneling x4  
  37  5:46  Roach x3  
  37  5:48  Drone x3  
  37  5:49  Drone x4  
  47  5:50  Drone x6  
  47  5:54  Drone  
  47  5:55  Drone  
  55  6:00  Extractor  
  54  6:08  Drone  
  54  6:09  Drone x2  
  57  6:13  Roach x2  
  57  6:15  Roach  
  63  6:26  Overlord  
  63  6:30  Drone x2  
  65  6:37  Overlord x2  
  65  6:43  Overlord x2  
  64  6:52  Roach x2  
  64  6:53  Roach x2  
  70  7:04  Roach x7  
  84  7:14  Roach x3  
  90  7:24  Roach x3  
  90  7:27  Zergling x2  
  90  7:28  Zergling x8  
  98  7:32  Zergling x6  
  98  7:36  Zergling x4  
  104  7:37  Zergling x2  
  104  7:40  Zergling x2  
  105  7:45  Overlord x2  
  105  7:49  Overlord  
  105  7:56  Zergling x2  
  106  8:02  Overlord  
  106  8:03  Zergling x8  
  106  8:04  Zergling x4  
  106  8:18  Zergling x14  
  96  8:24  Zergling x8  
  96  8:25  Zergling x2  
  83  8:40  Roach  
  80  8:41  Roach x2  
  80  8:45  Roach x2  
  80  8:46  Roach  
  73  8:54  Roach x2  
  74  9:01  Roach x5  
  74  9:02  Roach  
  83  9:07  Roach x3  
  87  9:10  Roach  
Tags
 
Add a new tag
Caveats
  • Supply blocks, unpowered buildings, or Contaminate may cause inaccurate times.
  • Supply counts are checked every 10 seconds.